 Dungeon Crawl Stone Soup version 0.29-a0-271-gd4eb659eea (webtiles) character file.

Game seed: 13238851327722853378

3 Gildeon the Shield-Bearer (level 1, -1/19 HPs)
             Began as a Minotaur Fighter on Mar 9, 2022.
             Slain by a hobgoblin (4 damage)
             ... on level 1 of the Dungeon.
             The game lasted 00:00:16 (37 turns).

Gildeon the Shield-Bearer (Minotaur Fighter)          Turns: 37, Time: 00:00:17

Health: -1/19      AC:  6    Str: 20    XL:     1   Next: 41%
Magic:  0/0        EV:  9    Int:  5    God:
Gold:   0          SH:  4    Dex:  9    Spells: 0/0 levels left

rFire   . . .      SeeInvis .   a - +0 war axe
rCold   . . .      Faith    .   c - +0 buckler
rNeg    . . .      Spirit   .   b - +0 scale mail
rPois   .          Reflect  .   (helmet restricted)
rElec   .          Harm     .   (no cloak)
rCorr   .          Rampage  .   (no gloves)
Will    .....                   (no boots)
Stlth   ..........              (no amulet)
HPRegen 0.06/turn               (no ring)
MPRegen 0.07/turn               (no ring)

@: no status effects
A: horns 2, retaliatory headbutt
a: no special abilities


You were on level 1 of the Dungeon.
You visited 1 branch of the dungeon, and saw 1 of its levels.

Inventory:

Hand Weapons
 a - a +0 war axe (weapon)
Armour
 b - a +0 scale mail (worn)
 c - a +0 buckler (worn)
Scrolls
 e - a scroll of enchant armour {unknown}
Potions
 d - a potion of might


   Skills:
 - Level 3.6 Fighting
 * Level 2.8 Axes
 - Level 3.6 Armour
 - Level 3.6 Shields


You couldn't memorise any spells.
You didn't know any spells.
Your spell library was empty.

Dungeon Overview and Level Annotations

Branches:
Dungeon (1/15)

Altars:


Innate Abilities, Weirdness & Mutations

You have a pair of horns on your head.
You reflexively headbutt those who attack you in melee.


Message History

The jackal moves out of view.
The jackal barks!
The bat closely misses you. You furiously retaliate!
You headbutt the bat!
You kill the bat!
A rat comes into view.
The jackal bites you but does no damage.
The goblin hits you with a +0 club.
You see here a bat corpse.
You slash the goblin!
You kill the goblin!
You closely miss the jackal.
The jackal bites you but does no damage.
You block the jackal's attack.
You slash the jackal!
You kill the jackal!
You hit the jackal but do no damage. The jackal bites you.
You miss the jackal. You barely miss the hobgoblin. The jackal bites you.
You block the hobgoblin's attack. The jackal bites you.
The hobgoblin hits you but does no damage.
You barely miss the hobgoblin. You barely miss the jackal.
The jackal bites you.
The jackal bites you but does no damage.
The hobgoblin hits you but does no damage.
You barely miss the hobgoblin. You barely miss the rat.
You hit the jackal but do no damage. The jackal closely misses you.
You block the hobgoblin's attack. The rat closely misses you.
The jackal bites you. The hobgoblin hits you.
The rat bites you but does no damage.
You closely miss the hobgoblin. Your headbutt misses the hobgoblin.
You miss the jackal. You hit the rat.
You kill the rat!
The jackal barely misses you.
The jackal bites you but does no damage.
The hobgoblin hits you.
You closely miss the hobgoblin. Your headbutt misses the hobgoblin.
You closely miss the jackal. The jackal closely misses you.
You furiously retaliate!
You headbutt the jackal. The jackal bites you.
* * * LOW HITPOINT WARNING * * *
The hobgoblin hits you.
You die...

♣....... ♣......
♣..... ♣♣....#####
♣..........
♣♣........
♣...gh.#####
♣...@....... ####
♣...)...P.P. #..#
♣#..#....... #..#
#..#.P...P. #..#
#..#..P.P.P #..#
#..#....... #..#
#..#..P...P #..#
#'##8..8... ##'#
##..##########..##


You could see a jackal and a hobgoblin.

Vanquished Creatures
  A jackal (D:1)
  A bat (D:1)
  A goblin (D:1)
  A rat (D:1)
4 creatures vanquished.

Notes
Turn   | Place    | Note
-------+----------+-------------------------------------------
     0 | D:1      | Gildeon the Minotaur Fighter began the quest for the Orb.
     0 | D:1      | Reached XP level 1. HP: 19/19 MP: 0/0
    37 | D:1      | Slain by a hobgoblin

Illustrated notes

Levels and vault maps discovered:
D:1:      sevenhm_arrival_forest_fort_large_4, layout_basic

Action                   || total
-------------------------++-------
Melee: War axe           ||     7
Armor: Scale mail        ||     7
Dodge: Dodged            ||     8
Block: Buckler           ||     5

Table legend: (Time is in decaauts)
 A = Elapsed time spent in this place.
 B = Non-inter-level travel time spent in this place.
 C = Inter-level travel time spent in this place.
 D = Time resting spent in this place.
 E = Time spent auto-exploring this place.
 F = Levels seen in this place.
 G = Mean time per level.
                   A        B        C        D        E       F      G
               +--------+--------+--------+--------+--------+-----+--------+
         Total |     39 |     39 |      0 |      0 |     21 |   1 |   39.0 |
       Dungeon |     39 |     39 |      0 |      0 |     21 |   1 |   39.0 |
               +--------+--------+--------+--------+--------+-----+--------+

Top non-repeatable levels by time:
     D:1: 39 daAuts
